[Event "Titled Tuesday Blitz April 12 Late 2022"]
[White "Romero Ruscalleda, Josep"]
[Black "Mikhalsky, Vladimir"]
[WhiteFideId "2231859"]
[BlackFideId "14144352"]
[WhiteElo "2311"]
[BlackElo "2301"]
[Result "1-0"]
[Round "06"]
[TimeControl "180+1"]
[Date "2022.04.13"]
[WhiteClock "0:00:03"]
[BlackClock "0:00:10"]

1. e4 g6 2. d4 Bg7 3. Nc3 d6 4. Be2 a6 5. a4 b6 6. Be3 Bb7 7. Qd2 Nf6 8. f3 h5 9. Nh3 c5 10. dxc5 bxc5 11. e5 dxe5 12. Qxd8+ Kxd8 13. Bxc5 Nbd7 14. O-O-O Bh6+ 15. Kb1 Rc8 16. Bb4 e4 17. fxe4 Nxe4 18. Bf3 Nxc3+ 19. Bxc3 Bxf3 20. gxf3 Rxc3 21. bxc3 Kc7 22. Rhe1 e6 23. Re4 Nb6 24. Nf2 Rb8 25. Rb4 Bf8 26. Rb3 a5 27. Ne4 Ra8 28. Ng5 Nxa4 29. Nxf7 Bg7 30. Rd3 Nc5 31. Kb2 a4 32. Rb4 a3+ 33. Ka2 Nxd3 34. cxd3 Rf8 35. Ng5 Rf6 36. Rc4+ Kb6 37. Kxa3 Bf8+ 38. Kb3 Rf5 39. f4 Rb5+ 40. Kc2 Ra5 41. Nxe6 Bd6 42. Rd4 Kc6 43. c4 Ra2+ 44. Kb3 Rxh2 45. Rd5 h4 46. Nd4+ Kd7 47. Nb5 h3 48. Rxd6+ Ke7 49. Rxg6 Rh1 50. Rh6 h2 51. Kb2 Kf7 52. c5 Kg7 53. Rh3 Kg6 54. c6 Rc1 55. Kxc1 1-0


[Site "https://www.chess.com"]

[Event "Titled Tuesday Blitz April 12 Late 2022"]
[White "Ronka, Erik"]
[Black "Abdyzhapar, Asylbek"]
[WhiteFideId "505080"]
[BlackFideId "13800337"]
[WhiteElo "2264"]
[BlackElo "2331"]
[Result "1-0"]
[Round "06"]
[TimeControl "180+1"]
[Date "2022.04.13"]
[WhiteClock "0:00:10"]
[BlackClock "0:00:52"]

1. d4 Nf6 2. Nf3 e6 3. g3 c5 4. Bg2 cxd4 5. O-O a6 6. Nxd4 Qc7 7. b3 d5 8. Bb2 Nbd7 9. Nd2 e5 10. N4f3 e4 11. Nd4 b5 12. c4 bxc4 13. bxc4 Rb8 14. Rb1 Bc5 15. e3 Ne5 16. cxd5 Bg4 17. Qa4+ Bd7 18. Qc2 Nd3 19. Nxe4 Nxe4 20. Bxe4 Nxb2 21. Rxb2 Rxb2 22. Qxb2 O-O 23. Nb3 Bd6 24. Rc1 Qd8 25. Qc2 h5 26. Nd4 h4 27. Bf5 h3 28. Bxd7 Qxd7 29. Qf5 Qa4 30. Qxh3 Qxa2 31. Qf5 a5 32. Rc6 Bb4 33. d6 g6 34. Qe4 a4 35. d7 a3 36. Rc8 Qa1+ 37. Kg2 a2 38. Rxf8+ Bxf8 39. d8=Q Qb1 40. Qee8 Qb7+ 41. Kh3 Qb4 42. Qa8 Qc4 43. Qxf8+ 1-0


[Site "https://www.chess.com"]

[Event "Titled Tuesday Blitz April 12 Late 2022"]
[White "Rozman, Levy"]
[Black "O`Gorman, Tom"]
[WhiteFideId "2039877"]
[BlackFideId "2508249"]
[WhiteElo "2376"]
[BlackElo "2247"]
[Result "1/2-1/2"]
[Round "06"]
[TimeControl "180+1"]
[Date "2022.04.12"]
[WhiteClock "0:00:05"]
[BlackClock "0:00:21"]

1. d4 Nf6 2. Bg5 Ne4 3. h4 Nxg5 4. hxg5 e6 5. g6 fxg6 6. e3 d5 7. Bd3 Qf6 8. f4 c5 9. c3 Nc6 10. Nf3 Bd7 11. a3 O-O-O 12. b4 cxd4 13. cxd4 Kb8 14. Nbd2 Bd6 15. Nb3 h6 16. Ne5 g5 17. g3 gxf4 18. gxf4 g5 19. Qg4 gxf4 20. exf4 Rhf8 21. Rf1 Bxe5 22. fxe5 Qg5 23. Qxg5 hxg5 24. b5 Rxf1+ 25. Kxf1 Ne7 26. Nc5 Bc8 27. Kg2 b6 28. Nb3 Rf8 29. Rh1 Nf5 30. a4 Nh4+ 31. Kg1 Rf3 32. Nc1 Bd7 33. Rh2 Be8 34. Rf2 Bh5 35. Kf1 Kc7 36. Be2 Rxf2+ 37. Kxf2 Bxe2 38. Nxe2 Nf5 39. Kf3 Kd7 40. Kg4 Ne3+ 41. Kxg5 Nc4 42. Kf6 Ne3 43. Nf4 Ng4+ 44. Kf7 Nh6+ 45. Kf6 Ng4+ 46. Kg7 Ke7 47. Ng6+ Ke8 48. Nh8 Ne3 49. Kf6 Kd7 50. Ng6 Ng4+ 51. Kf7 Nh6+ 52. Kg7 Nf5+ 53. Kf6 Nxd4 54. Nf8+ Ke8 55. Ng6 Kd7 56. Nf4 Ke8 57. Nd3 Nf3 58. Kxe6 d4 59. Kd6 Ng5 60. e6 Ne4+ 61. Ke5 Nc5 62. Kxd4 Nxa4 63. Ne5 Ke7 64. Kd5 Nc3+ 65. Kc6 Nxb5 66. Kxb5 Kxe6 67. Nc6 Kd6 68. Nxa7 Kc7 69. Ka6 Kd6 70. Nb5+ Kd5 71. Kxb6 1/2-1/2


[Site "https://www.chess.com"]

[Event "Titled Tuesday Blitz April 12 Late 2022"]
[White "Rustemov, Alexander"]
[Black "Tregubov, Pavel V."]
[WhiteFideId "4119002"]
[BlackFideId "4115341"]
[WhiteElo "2794"]
[BlackElo "2341"]
[Result "0-1"]
[Round "06"]
[TimeControl "180+1"]
[Date "2022.04.12"]
[WhiteClock "0:00:02"]
[BlackClock "0:00:08"]

1. d4 Nf6 2. c4 e6 3. g3 Bb4+ 4. Bd2 Qe7 5. Bg2 Nc6 6. e3 d5 7. a3 Bxd2+ 8. Nxd2 O-O 9. Ngf3 Rd8 10. O-O e5 11. cxd5 Nxd5 12. e4 Nb6 13. d5 Nb8 14. Qc2 c6 15. Rac1 cxd5 16. exd5 Na6 17. Rfe1 f6 18. Nc4 Nxd5 19. Ncxe5 fxe5 20. Rxe5 Qf6 21. Qb3 Be6 22. Rce1 Nac7 23. Ng5 Nf4 24. Nxe6 Nfxe6 25. Bh3 Rd2 26. Bxe6+ Nxe6 27. Qxe6+ Qxe6 28. Rxe6 Rxb2 29. R1e2 Rxe2 30. Rxe2 Kf7 31. Rc2 Re8 32. a4 Ke6 33. a5 Kd6 34. h4 Re5 35. Ra2 b5 36. axb6 axb6 37. Ra7 Re7 38. Ra1 b5 39. Kg2 b4 40. Rc1 Rb7 41. Kf3 b3 42. Ke4 b2 43. Rb1 Kc5 44. Kd3 Kd5 45. f3 h5 46. g4 Ke5 47. g5 Kf4 48. Kc2 Kxf3 49. Rxb2 Rxb2+ 50. Kxb2 Kg4 0-1


[Site "https://www.chess.com"]

[Event "Titled Tuesday Blitz April 12 Late 2022"]
[White "Sadilek, Peter"]
[Black "Goryachkina, Aleksandra"]
[WhiteFideId "1616439"]
[BlackFideId "4147103"]
[WhiteElo "2341"]
[BlackElo "2652"]
[Result "1/2-1/2"]
[Round "06"]
[TimeControl "180+1"]
[Date "2022.04.13"]
[WhiteClock "0:00:04"]
[BlackClock "0:00:03"]

1. d4 d5 2. c4 dxc4 3. e3 Nf6 4. Bxc4 e6 5. Nf3 c5 6. O-O Nc6 7. Nc3 a6 8. Qe2 b5 9. Bb3 Bb7 10. Rd1 c4 11. Bc2 Be7 12. e4 O-O 13. a3 Re8 14. h4 Qc7 15. e5 Nd5 16. Qe4 g6 17. h5 Nxc3 18. bxc3 Nb4 19. Qe2 Nxc2 20. Qxc2 Bxf3 21. gxf3 Bf8 22. Qe4 Bg7 23. hxg6 fxg6 24. Kg2 Qf7 25. a4 Rab8 26. axb5 axb5 27. Ba3 Bf8 28. Bxf8 Rxf8 29. Ra6 b4 30. cxb4 Rxb4 31. d5 exd5 32. Rxd5 c3 33. e6 Qe7 34. Qe5 Rbf4 35. Rd7 Qf6 36. Qxf6 R4xf6 37. Rd3 Re8 38. Rc6 Rfxe6 39. Rxe6 Rxe6 40. Rxc3 Re7 41. Re3 Rf7 42. Re4 Kg7 43. Rg4 h5 44. Rd4 Rf5 45. Kg3 Kh6 46. Rd6 Kg5 47. Rd4 Kf6 48. f4 Rb5 49. Rd6+ Kg7 50. Ra6 Kh6 51. Rc6 Rb3+ 52. f3 Rb5 53. Rd6 Rf5 54. Rc6 1/2-1/2


[Site "https://www.chess.com"]

[Event "Titled Tuesday Blitz April 12 Late 2022"]
[White "Santos Ruiz, Miguel"]
[Black "Paravyan, David"]
[WhiteFideId "22291482"]
[BlackFideId "4194985"]
[WhiteElo "2486"]
[BlackElo "2569"]
[Result "1-0"]
[Round "06"]
[TimeControl "180+1"]
[Date "2022.04.12"]
[WhiteClock "0:00:07"]
[BlackClock "0:00:05"]

1. e4 e5 2. Nf3 Nf6 3. Nxe5 d6 4. Nf3 Nxe4 5. d4 d5 6. Bd3 Bd6 7. O-O O-O 8. c4 c6 9. Nc3 Nxc3 10. bxc3 dxc4 11. Bxc4 Bg4 12. h3 Bh5 13. g4 Bg6 14. Ne5 b5 15. Bb3 Nd7 16. Nxg6 hxg6 17. Qf3 Qc7 18. Re1 a5 19. a4 b4 20. Bd2 Rab8 21. cxb4 axb4 22. a5 c5 23. Rec1 Qd8 24. Qc6 Nf6 25. a6 Rc8 26. Qf3 Qb6 27. Qb7 Qd8 28. a7 Ra8 29. Be3 cxd4 30. Bxd4 Bh2+ 31. Kxh2 Qxd4 32. Kg2 Ne4 33. Ra2 Nc5 34. Bxf7+ Kh7 35. Qd5 Qf4 36. Bxg6+ Kxg6 37. Qh5+ Kf6 38. Rxc5 Qe4+ 39. Kg3 Ke6 40. Ra6+ Kd7 41. Qd5+ Qxd5 42. Rxd5+ Kc7 43. Rb5 Rf6 44. Rxf6 gxf6 45. Rxb4 Rxa7 46. Rf4 Ra6 47. Kh4 Kd7 48. Kh5 Ke7 49. Kg6 Rb6 50. h4 Rc6 51. h5 Rc5 52. Rf5 Rc6 53. Kg7 Rc4 54. f3 1-0


[Site "https://www.chess.com"]

[Event "Titled Tuesday Blitz April 12 Late 2022"]
[White "Sarana, Alexey"]
[Black "Bas Mas, Jose Joaquin"]
[WhiteFideId "24133795"]
[BlackFideId "22219064"]
[WhiteElo "3040"]
[BlackElo "2382"]
[Result "1-0"]
[Round "06"]
[TimeControl "180+1"]
[Date "2022.04.13"]
[WhiteClock "0:00:58"]
[BlackClock "0:00:10"]

1. d4 Nf6 2. c4 e6 3. Nf3 d5 4. g3 Be7 5. Bg2 O-O 6. Nc3 b6 7. O-O Bb7 8. b3 Nbd7 9. cxd5 exd5 10. Bf4 a6 11. Rc1 c5 12. e3 Rc8 13. h4 Re8 14. Ne5 b5 15. dxc5 Nxc5 16. Nf3 Nce4 17. Be5 Ba3 18. Rc2 Rxe5 19. Nxe5 Nxc3 20. Qd4 Nce4 21. Rxc8 Qxc8 22. b4 Qc3 23. Nd3 Qxd4 24. exd4 Ne8 25. Re1 N8d6 26. f3 Nxg3 27. Re7 Bc6 28. Ra7 Ne2+ 29. Kf2 Nxd4 30. Rxa6 Nc4 31. f4 g6 32. h5 Kg7 33. Bh3 gxh5 34. Bc8 Bb2 35. Nxb2 Nxb2 36. Ke3 Nc2+ 37. Kd2 Nxb4 38. Ra7 Nc4+ 39. Kc3 d4+ 40. Kxb4 d3 41. Bf5 d2 42. Bc2 Ne3 43. Kc3 d1=Q 44. Bxd1 Nxd1+ 45. Kd2 Nf2 46. f5 Ne4+ 47. Ke3 Nf6 48. Ra6 Bd5 49. Kf4 Bc4 50. Kg5 h6+ 51. Kh4 Nh7 52. Kxh5 Nf6+ 53. Kh4 Nd5 54. Kg4 Ne7 55. f6+ Kf8 56. Ra8+ 1-0


[Site "https://www.chess.com"]

[Event "Titled Tuesday Blitz April 12 Late 2022"]
[White "Schekachikhin, Maksim"]
[Black "Sailer, Mike"]
[WhiteFideId "24177830"]
[BlackFideId "2012901"]
[WhiteElo "2230"]
[BlackElo "2109"]
[Result "1-0"]
[Round "06"]
[TimeControl "180+1"]
[Date "2022.04.13"]
[WhiteClock "0:01:35"]
[BlackClock "0:00:05"]

1. d4 d5 2. c4 Bf5 3. cxd5 Bxb1 4. Qa4+ Qd7 5. Qxd7+ Nxd7 6. Rxb1 Ngf6 7. Nf3 Nb6 8. e3 Nbxd5 9. Bd2 e6 10. Bd3 Bb4 11. Ke2 Bxd2 12. Nxd2 O-O-O 13. Rhc1 Nb4 14. Bc4 Kb8 15. a3 Nbd5 16. b4 g5 17. a4 g4 18. a5 h5 19. a6 b6 20. Bxd5 Nxd5 21. Nc4 f6 22. Na3 h4 23. g3 hxg3 24. hxg3 Rh2 25. Rc6 Rd6 26. Rxd6 cxd6 27. Nb5 Rh7 28. Kd3 Rh2 29. Rb2 e5 30. Nxd6 exd4 31. Kxd4 Nc7 32. b5 Rh5 33. Ne4 Rd5+ 34. Kc4 f5 35. Nc3 Rc5+ 36. Kb4 Kc8 37. Rd2 Ne6 38. Rd6 Ng5 39. Rf6 Nh3 40. Rf8+ Kc7 41. Rf7+ Kb8 42. e4 Nxf2 43. Nd5 Nxe4 44. Rf8+ Rc8 45. Rxf5 Rc4+ 46. Kb3 Nd6 47. Rf8+ Rc8 48. Rf6 Ne4 49. Rf7 Nxg3 50. Rb7+ Ka8 51. Nc7+ Rxc7 52. Rxc7 Ne4 53. Rc8# 1-0


[Site "https://www.chess.com"]

[Event "Titled Tuesday Blitz April 12 Late 2022"]
[White "Senthilkumar, Pranav"]
[Black "Ashiev, Eduard"]
[WhiteFideId "2083477"]
[BlackFideId "4130090"]
[WhiteElo "2390"]
[BlackElo "2004"]
[Result "0-1"]
[Round "06"]
[TimeControl "180+1"]
[Date "2022.04.13"]
[WhiteClock "0:00:06"]
[BlackClock "0:00:04"]

1. Nf3 c5 2. e4 d6 3. d4 cxd4 4. Nxd4 Nf6 5. Nc3 e6 6. Be3 a6 7. Be2 b5 8. a3 Bb7 9. Bf3 Nbd7 10. O-O Be7 11. Nde2 Qc7 12. Ng3 Ne5 13. Be2 Nc4 14. Bxc4 Qxc4 15. f3 O-O 16. Qd2 Rac8 17. Qf2 Nd7 18. f4 Bh4 19. f5 Ne5 20. Qf4 Be7 21. Nh5 exf5 22. Qxf5 f6 23. Nd5 Bxd5 24. exd5 Qxd5 25. Nf4 Nf3+ 26. Rxf3 Qxf5 27. Raf1 Qe4 28. c3 d5 29. Kh1 Bd6 30. Nh3 Rce8 31. Bd4 Be5 32. Bc5 Rf7 33. Nf2 Qc2 34. Nd3 Bc7 35. h3 Re2 36. Rg1 Rd2 37. Nb4 Qxb2 38. Nxa6 Be5 39. Bb4 Qc2 40. Nc5 Rd1 41. Rff1 Rxf1 42. Rxf1 h6 43. Ne6 Qe2 44. Rg1 Rd7 45. Nd4 Bxd4 46. cxd4 f5 47. Bc5 f4 48. Bb4 Rf7 49. Bc5 f3 50. gxf3 Rxf3 51. Rg2 Rf1+ 52. Kh2 Qf3 53. h4 Qf4+ 54. Kh3 Rh1+ 55. Rh2 Rxh2# 0-1


[Site "https://www.chess.com"]

[Event "Titled Tuesday Blitz April 12 Late 2022"]
[White "Seo, Jung Min"]
[Black "Bachmann, Axel"]
[WhiteFideId "1734687"]
[BlackFideId "3700488"]
[WhiteElo "2684"]
[BlackElo "2491"]
[Result "1-0"]
[Round "06"]
[TimeControl "180+1"]
[Date "2022.04.13"]
[WhiteClock "0:00:13"]
[BlackClock "0:00:01"]

1. d4 Nf6 2. c4 g6 3. Nf3 Bg7 4. g3 c5 5. Bg2 cxd4 6. O-O O-O 7. Nxd4 Nc6 8. Nc3 Qa5 9. Nb3 Qh5 10. h3 d6 11. g4 Bxg4 12. hxg4 Nxg4 13. Bf4 Be5 14. Qd2 g5 15. Bxe5 dxe5 16. Rfd1 Qh2+ 17. Kf1 Qh4 18. Qe1 f5 19. Nd5 f4 20. f3 Nh2+ 21. Kg1 Qh6 22. e3 g4 23. exf4 gxf3 24. Qg3+ Kh8 25. Qxh2 Qxh2+ 26. Kxh2 fxg2 27. Kxg2 exf4 28. Re1 e5 29. Kf3 Rg8 30. Rg1 Rgf8 31. Rae1 Rae8 32. Re4 Rf5 33. Nc5 Nd4+ 34. Kf2 Rh5 35. Nf6 Rh2+ 36. Rg2 Rxg2+ 37. Kxg2 Rf8 38. Nfd7 f3+ 39. Kf2 Rg8 40. Nxe5 Rg2+ 41. Kf1 Nf5 42. Nxf3 Rxb2 43. Re5 Ng3+ 44. Ke1 Rxa2 45. Nxb7 Rb2 46. Nd6 h5 47. Nf5 h4 48. N5xh4 1-0


[Site "https://www.chess.com"]

[Event "Titled Tuesday Blitz April 12 Late 2022"]
[White "Simonovic, Miroslav"]
[Black "Pesotskiy, Mikhail"]
[WhiteFideId "919152"]
[BlackFideId "34164453"]
[WhiteElo "2043"]
[BlackElo "2010"]
[Result "1/2-1/2"]
[Round "06"]
[TimeControl "180+1"]
[Date "2022.04.13"]
[WhiteClock "0:01:02"]
[BlackClock "0:00:53"]

1. d4 Nf6 2. Bg5 e6 3. e4 h6 4. Bxf6 Qxf6 5. Nf3 c5 6. c3 Nc6 7. d5 Ne5 8. Be2 exd5 9. Nxe5 Qxe5 10. Qxd5 Qxd5 11. exd5 d6 12. Bb5+ Bd7 13. a4 a6 14. Bxd7+ Kxd7 15. Na3 Be7 16. Nc4 Kc7 17. a5 Bf6 18. Kd2 h5 19. Rhe1 h4 20. h3 Rh5 21. Nb6 Rah8 22. b3 Rg5 23. Rg1 Rh6 24. Rae1 Rhg6 25. Re8 Bd8 26. Rf8 Rf6 27. f3 Rxf3 28. gxf3 Rxg1 29. Rxf7+ Kb8 30. Rf8 Kc7 31. Rf7+ Kb8 32. Rd7 Bc7 33. Rf7 Bd8 1/2-1/2


[Site "https://www.chess.com"]

[Event "Titled Tuesday Blitz April 12 Late 2022"]
[White "Sokolovsky, Yahli"]
[Black "Ibarra Jerez, Jose Carlos"]
[WhiteFideId "2820242"]
[BlackFideId "2226332"]
[WhiteElo "1770"]
[BlackElo "2626"]
[Result "0-1"]
[Round "06"]
[TimeControl "180+1"]
[Date "2022.04.12"]
[WhiteClock "0:00:06"]
[BlackClock "0:00:59"]

1. b3 Nf6 2. Bb2 g6 3. d4 Bg7 4. Nf3 O-O 5. g3 d6 6. Bg2 b5 7. O-O Bb7 8. Qd3 a6 9. Nbd2 Nbd7 10. c4 c5 11. d5 Qc7 12. e4 e5 13. dxe6 fxe6 14. Ng5 Rae8 15. Bh3 Ne5 16. Bxe5 dxe5 17. Nxe6 Qc8 18. Nxg7 Qxh3 19. Nxe8 Ng4 20. Nf6+ Rxf6 21. Qd8+ Kg7 22. Qe7+ Kh6 23. Nf3 Rxf3 24. Qh4+ Qxh4 25. gxh4 bxc4 26. bxc4 Bxe4 27. Rfe1 Bd3 28. Rad1 e4 29. Rd2 Rh3 30. f4 exf3 31. Rf2 Nxf2 32. Kxf2 Bxc4 33. Rc1 Bxa2 34. Rxc5 Rxh4 35. Kxf3 Rxh2 36. Ra5 Bc4 37. Ra4 Bb5 38. Ra5 Rh5 39. Kg3 Rg5+ 40. Kf4 Rf5+ 41. Kg3 Kg5 42. Ra1 h5 43. Rh1 h4+ 44. Kh2 Rf2+ 45. Kg1 Rf1+ 46. Kg2 Rxh1 0-1


[Site "https://www.chess.com"]

[Event "Titled Tuesday Blitz April 12 Late 2022"]
[White "Svane, Rasmus"]
[Black "Wagner, Dennis"]
[WhiteFideId "4657101"]
[BlackFideId "24650684"]
[WhiteElo "2645"]
[BlackElo "2355"]
[Result "1-0"]
[Round "06"]
[TimeControl "180+1"]
[Date "2022.04.12"]
[WhiteClock "0:01:19"]
[BlackClock "0:00:20"]

1. d4 Nf6 2. Nf3 d5 3. Bf4 c5 4. e3 Nc6 5. Nbd2 e6 6. c3 cxd4 7. exd4 Nh5 8. Be3 Bd6 9. Ne5 g6 10. Nd3 f6 11. g4 Ng7 12. Bg2 Bd7 13. Qb3 Na5 14. Qc2 Rc8 15. h4 e5 16. dxe5 fxe5 17. Bxd5 Bxg4 18. Ne4 Be7 19. Bf7+ Kf8 20. Nxe5 Bf5 21. Bb3 Nxb3 22. Qxb3 Be6 23. Qxb7 Bd5 24. Nd7+ Ke8 25. Nef6+ Bxf6 26. Nxf6+ Qxf6 27. Qxc8+ Qd8 28. Qxd8+ Kxd8 29. O-O-O 1-0


[Site "https://www.chess.com"]

[Event "Titled Tuesday Blitz April 12 Late 2022"]
[White "Tanenbaum, Zachary"]
[Black "Kovanova, Baira"]
[WhiteFideId "2060850"]
[BlackFideId "4164083"]
[WhiteElo "2168"]
[BlackElo "2190"]
[Result "1-0"]
[Round "06"]
[TimeControl "180+1"]
[Date "2022.04.13"]
[WhiteClock "0:01:27"]
[BlackClock "0:00:45"]

1. e4 e5 2. Nf3 Nc6 3. Bc4 Nf6 4. d3 Bc5 5. c3 d6 6. Nbd2 a6 7. a4 Ba7 8. Nf1 Be6 9. Bxe6 fxe6 10. Ng3 Qd7 11. O-O O-O 12. d4 Kh8 13. Bg5 Qf7 14. dxe5 dxe5 15. Qe2 Qg6 16. Be3 Nxe4 17. Nh4 Qf6 18. Bxa7 Nd6 19. Nf3 Rxa7 20. b4 Raa8 21. b5 axb5 22. axb5 Ne7 23. Nxe5 Qf7 24. Nxf7+ 1-0


[Site "https://www.chess.com"]

[Event "Titled Tuesday Blitz April 12 Late 2022"]
[White "Tari, Aryan"]
[Black "Melkumyan, Hrant"]
[WhiteFideId "1510045"]
[BlackFideId "13302485"]
[WhiteElo "2567"]
[BlackElo "2604"]
[Result "1-0"]
[Round "06"]
[TimeControl "180+1"]
[Date "2022.04.12"]
[WhiteClock "0:01:03"]
[BlackClock "0:00:05"]

1. e4 e6 2. d4 d5 3. Nc3 Bb4 4. exd5 exd5 5. Bd3 Ne7 6. Nf3 Nbc6 7. O-O O-O 8. Ne2 Bf5 9. Ng3 Bxd3 10. Qxd3 Qd7 11. c3 Bd6 12. Bd2 Rae8 13. Rae1 f6 14. Nh4 Nd8 15. Ngf5 Nxf5 16. Nxf5 Ne6 17. h4 g6 18. Nh6+ Kg7 19. Ng4 Bf4 20. g3 Bxd2 21. Qxd2 Ng5 22. hxg5 Qxg4 23. gxf6+ Kxf6 24. Qh6 Qf3 25. Re3 Qf5 26. Kg2 Qc8 27. Qxh7 Rh8 28. Rf3+ Ke6 29. Qxg6+ Kd7 30. Rf7+ Re7 31. Re1 Kd8 32. Rexe7 Qh3+ 33. Kf3 Qh1+ 34. Ke2 1-0


[Site "https://www.chess.com"]

[Event "Titled Tuesday Blitz April 12 Late 2022"]
[White "Tillyaev, Ulugbek"]
[Black "Sheng, Joshua"]
[WhiteFideId "14202441"]
[BlackFideId "2057360"]
[WhiteElo "2377"]
[BlackElo "2142"]
[Result "0-1"]
[Round "06"]
[TimeControl "180+1"]
[Date "2022.04.12"]
[WhiteClock "0:00:06"]
[BlackClock "0:01:33"]

1. e4 c5 2. Nf3 e6 3. Nc3 a6 4. d4 cxd4 5. Nxd4 Qc7 6. g3 Bb4 7. Bd2 Nf6 8. Bg2 Nc6 9. Nde2 Be7 10. O-O d6 11. h3 b5 12. a3 Bb7 13. f4 O-O 14. g4 d5 15. e5 Bc5+ 16. Kh1 Ne4 17. Be1 Rad8 18. Qd3 b4 19. Nxe4 dxe4 20. Qg3 bxa3 21. bxa3 Nd4 22. Nxd4 Bxd4 23. c3 Bc5 24. f5 Rd3 25. Qf4 Be3 26. Qxe4 Bxe4 27. Bxe4 Rd7 28. Rf3 Bd2 29. Bg3 Qc4 30. Bc2 Bxc3 31. Raf1 Rd2 32. Bb1 Qd5 0-1


[Site "https://www.chess.com"]

[Event "Titled Tuesday Blitz April 12 Late 2022"]
[White "Urazayev, Arystanbek"]
[Black "Mickiewicz, Piotr"]
[WhiteFideId "13709810"]
[BlackFideId "1114891"]
[WhiteElo "2422"]
[BlackElo "2266"]
[Result "1-0"]
[Round "06"]
[TimeControl "180+1"]
[Date "2022.04.13"]
[WhiteClock "0:01:55"]
[BlackClock "0:00:11"]

1. d4 Nf6 2. c4 g6 3. Nc3 Bg7 4. e4 d6 5. Be2 O-O 6. Be3 e5 7. d5 c6 8. h4 Na6 9. h5 Bd7 10. h6 Bh8 11. Nh3 cxd5 12. cxd5 b5 13. f3 Qb8 14. Qd2 Rc8 15. O-O Nc5 16. Nf2 b4 17. Ncd1 Bb5 18. Nd3 Nfd7 19. N1f2 a5 20. Nxc5 Nxc5 21. Rfc1 Bf6 22. Ng4 Bd8 23. Bxb5 Qxb5 24. Bg5 Bb6 25. Kh2 Nd3 26. Rxc8+ Rxc8 27. Qe2 Qc4 28. Rd1 Nf2 29. Nf6+ Kh8 30. Rc1 Qxc1 31. Bxc1 Rxc1 32. Qb5 Rh1+ 33. Kg3 Rxh6 34. Qxb6 Nh1+ 35. Kg4 Rh2 36. Qd8+ Kg7 37. Ne8+ Kf8 38. Nxd6+ Kg7 39. Ne8+ Kf8 40. Kg5 Ng3 41. Nf6+ 1-0


[Site "https://www.chess.com"]

[Event "Titled Tuesday Blitz April 12 Late 2022"]
[White "Vasquez Schroeder, Rodrigo"]
[Black "Andreikin, Dmitry"]
[WhiteFideId "3400042"]
[BlackFideId "4158814"]
[WhiteElo "2561"]
[BlackElo "2736"]
[Result "1-0"]
[Round "06"]
[TimeControl "180+1"]
[Date "2022.04.12"]
[WhiteClock "0:00:48"]
[BlackClock "0:00:01"]

1. e4 c5 2. Nf3 e6 3. d4 cxd4 4. Nxd4 Nc6 5. Nb5 d6 6. c4 a6 7. N5c3 Nf6 8. Be2 Be7 9. O-O b6 10. Na3 Bb7 11. Be3 O-O 12. Rc1 Ne5 13. f3 Rc8 14. Qd2 Qc7 15. Rfd1 Rfd8 16. Kh1 h5 17. Qe1 h4 18. Qf2 h3 19. Bxb6 hxg2+ 20. Kxg2 Qb8 21. Bxd8 Rxd8 22. Kh1 Ng6 23. Nc2 Nf4 24. Bf1 N6h5 25. Ne3 Bc6 26. a3 a5 27. Nb5 Rf8 28. b4 axb4 29. axb4 Qd8 30. Nxd6 Bh4 31. Qd2 Qf6 32. Ng4 Qg5 33. b5 Ba8 34. c5 f5 35. Ne3 Ng3+ 36. hxg3 Bxg3 37. c6 Rf6 38. Ndxf5 exf5 39. Nxf5 Qh5+ 40. Kg1 Qxf3 41. Rc3 Bh2+ 42. Kxh2 Qh5+ 43. Bh3 Rg6 44. Rf1 Rg2+ 45. Qxg2 Nxg2 46. Kxg2 g6 47. Rg3 Kh7 48. Nd6 Qe5 49. Nf7 Qxe4+ 50. Kg1 Qd4+ 51. Rf2 Qc5 52. Bd7 Qxb5 53. Ng5+ Kh6 54. Ne6 g5 55. Rf6+ Kh7 56. Rh3+ 1-0


[Site "https://www.chess.com"]

[Event "Titled Tuesday Blitz April 12 Late 2022"]
[White "Volkov, Maksim"]
[Black "Miszler, Levente"]
[WhiteFideId "54123070"]
[BlackFideId "763276"]
[WhiteElo "2656"]
[BlackElo "2406"]
[Result "1-0"]
[Round "06"]
[TimeControl "180+1"]
[Date "2022.04.13"]
[WhiteClock "0:00:30"]
[BlackClock "0:00:08"]

1. d4 d5 2. c4 c6 3. Nf3 Nf6 4. g3 g6 5. Bg2 Bg7 6. cxd5 cxd5 7. O-O O-O 8. Nc3 Ne4 9. Ne5 Nxc3 10. bxc3 Nc6 11. Bf4 Nxe5 12. Bxe5 Bxe5 13. dxe5 Be6 14. Qd4 b6 15. Rfd1 Qc7 16. Bxd5 Bxd5 17. Qxd5 Qxc3 18. Rac1 Qa3 19. e6 fxe6 20. Qxe6+ Kg7 21. Rc7 Rf7 22. Rd3 Qb4 23. Rf3 Raf8 24. Qe5+ Kh6 25. Qe3+ Kg7 26. Rxf7+ Rxf7 27. Rxa7 h5 28. Kg2 h4 29. Qe5+ Kh7 30. Ra8 Rg7 31. Rb8 hxg3 32. hxg3 Qc4 33. a3 Qc6+ 34. Kh2 Qc5 35. Qxc5 bxc5 36. Rc8 Rf7 37. f4 e5 38. fxe5 Rf2+ 39. Kh3 Rxe2 40. Rxc5 Re3 41. a4 Kh6 42. a5 Kg5 43. a6 Ra3 44. Rc6 Kf5 45. e6 Kf6 46. Kg4 Ra4+ 47. Kf3 Kf5 48. e7 Ra3+ 49. Kf2 Ra2+ 50. Ke3 Ra3+ 51. Kd4 1-0


[Site "https://www.chess.com"]

[Event "Titled Tuesday Blitz April 12 Late 2022"]
[White "Wang, Jalen"]
[Black "Narayanan.S.L"]
[WhiteFideId "2078058"]
[BlackFideId "5058422"]
[WhiteElo "2084"]
[BlackElo "2494"]
[Result "1-0"]
[Round "06"]
[TimeControl "180+1"]
[Date "2022.04.12"]
[WhiteClock "0:00:23"]
[BlackClock "0:00:31"]

1. d4 g6 2. Bf4 Bg7 3. e3 d6 4. Nc3 Nd7 5. h4 e5 6. dxe5 dxe5 7. Bg3 Ngf6 8. h5 O-O 9. hxg6 hxg6 10. Nf3 Qe7 11. Bc4 a6 12. Nh4 Qb4 13. Nxg6 Re8 14. Bb3 Nc5 15. Nxe5 Nxb3 16. axb3 Bf5 17. Nd3 Qe7 18. Bh4 Rad8 19. Qe2 Qd7 20. Bxf6 Bxf6 21. O-O-O Qe7 22. Qh5 Bg6 23. Nd5 Rxd5 24. Qxd5 c6 25. Qc5 Qe4 26. Nf4 Re5 27. Qc4 Ra5 28. Nxg6 Qxg6 29. Kb1 Qf5 30. f3 Qe5 31. Qd4 Qe7 32. Qg4+ Kf8 33. Qc8+ Kg7 34. Qh8+ Kg6 35. Qh7+ Kg5 36. Rh5# 1-0


[Site "https://www.chess.com"]

[Event "Titled Tuesday Blitz April 12 Late 2022"]
[White "Xu, Yi"]
[Black "Bilan, Danila"]
[WhiteFideId "8605564"]
[BlackFideId "24161918"]
[WhiteElo "2471"]
[BlackElo "2164"]
[Result "1-0"]
[Round "06"]
[TimeControl "180+1"]
[Date "2022.04.12"]
[WhiteClock "0:00:26"]
[BlackClock "0:00:02"]

1. e4 c6 2. d4 d5 3. e5 c5 4. dxc5 Nc6 5. f4 Bf5 6. Nf3 e6 7. Be3 Nh6 8. Bb5 Be7 9. c3 O-O 10. Nbd2 Rc8 11. b4 f6 12. Bxc6 bxc6 13. O-O Ng4 14. Bd4 fxe5 15. Nxe5 Nxe5 16. Bxe5 Bf6 17. Nf3 Be4 18. Qd4 Qe7 19. a4 Rf7 20. a5 Rcf8 21. Qe3 Qb7 22. Bxf6 Rxf6 23. Ne5 Qb5 24. Rf2 g6 25. Nd7 Qc4 26. Nxf6+ Rxf6 27. Qd4 Qxd4 28. cxd4 a6 29. g4 Rf7 30. Ra3 Rb7 31. Rb3 Kg7 32. h3 Kf6 33. Kh2 h5 34. Kg3 hxg4 35. hxg4 Rh7 36. Rh2 Rb7 37. Rbb2 Bd3 38. g5+ Kg7 39. Rh6 Bf5 40. Rbh2 Rxb4 41. Rh7+ Kf8 42. Rh8+ 1-0


[Site "https://www.chess.com"]

[Event "Titled Tuesday Blitz April 12 Late 2022"]
[White "Yanchenko, Roman"]
[Black "Bluebaum, Matthias"]
[WhiteFideId "4137329"]
[BlackFideId "24651516"]
[WhiteElo "2514"]
[BlackElo "2550"]
[Result "1-0"]
[Round "06"]
[TimeControl "180+1"]
[Date "2022.04.12"]
[WhiteClock "0:00:07"]
[BlackClock "0:00:01"]

1. d4 Nf6 2. c4 e6 3. Nf3 d5 4. Nc3 Bb4 5. Bg5 h6 6. Bxf6 Qxf6 7. e3 O-O 8. Bd3 dxc4 9. Bxc4 c5 10. O-O cxd4 11. Ne4 Qe7 12. Nxd4 Bd7 13. a3 Ba5 14. b4 Bb6 15. Rc1 Nc6 16. Nf3 Rfd8 17. Qd6 Be8 18. Qg3 Bc7 19. Qh3 Ne5 20. Nxe5 Bxe5 21. Qh5 Bb2 22. Rb1 Bxa3 23. Qa5 Rac8 24. Be2 f5 25. Qxa3 fxe4 26. Qxa7 Rd2 27. Bg4 Rcc2 28. Qb6 Bf7 29. Rbd1 Rd3 30. b5 e5 31. Bf5 Bd5 32. Rxd3 exd3 33. Bxd3 Rd2 34. Qg6 e4 35. Bb1 Qe5 36. Rc1 Bc4 37. Bxe4 Kf8 38. Bxb7 Qb2 39. Qf5+ Ke7 40. Re1 Be6 41. Qc5+ Kf7 42. Bc8 Bxc8 43. Qxc8 Rxf2 44. Qg4 Ke7 45. Qe4+ Kf8 46. b6 Kg8 47. b7 1-0


[Site "https://www.chess.com"]